 Dungeon Crawl Stone Soup version 0.29.1-12-g30fa7ad0bf (webtiles) character file.

Game seed: 911247035285152455

432 LustLizard the Skirmisher (level 6, -1/30 HPs)
             Began as a Spriggan Hunter on Dec 25, 2022.
             Slain by a wraith (8 damage)
             ... in an ossuary.
             The game lasted 00:06:04 (3121 turns).

LustLizard the Skirmisher (Spriggan Hunter)         Turns: 3121, Time: 00:06:04

Health: -1/30      AC:  4    Str:  7    XL:     6   Next: 67%
Magic:  7/7        EV: 18    Int: 11    God:
Gold:   122        SH:  0    Dex: 20    Spells: 5/5 levels left

rFire   . . .      SeeInvis +   a - +0 shortbow
rCold   . . .      Faith    .   (shield currently unavailable)
rNeg    . . .      Spirit   .   u - +2 robe {Will+}
rPois   .          Reflect  .   (helmet restricted)
rElec   .          Harm     .   (no cloak)
rCorr   .          Rampage  .   (gloves unavailable)
Will    ++...                   (boots unavailable)
Stlth   ++........              (no amulet)
HPRegen 0.10/turn               (no ring)
MPRegen 0.10/turn               (no ring)

@: slowed, quick
A: very small, no large weapons, unfitting armour, see invisible, speed 3
a: no special abilities


You were in an ossuary.
You visited 1 branch of the dungeon, and saw 4 of its levels.
You also visited: Ossuary.

You collected 278 gold pieces.
You spent 156 gold pieces at shops.

Inventory:

Hand Weapons
 a - a +0 shortbow (weapon)
Missiles
 q - a throwing net
Armour
 c - a +0 robe
 u - a +2 robe of willpower (worn)
Wands
 o - a wand of acid (10)
 s - a wand of paralysis (10)
 t - a wand of polymorph (2)
 A - a wand of flame (16)
Scrolls
 b - 3 scrolls of immolation
 f - a scroll of fear {unknown}
 i - 6 scrolls of teleportation
 j - a scroll of magic mapping {unknown}
 l - 2 scrolls of poison {unknown}
 m - a scroll of enchant weapon {unknown}
 n - a scroll of fog {unknown}
 p - 4 scrolls of identify {unknown}
 r - a scroll of blinking {unknown}
 v - a scroll of enchant armour {unknown}
 x - a scroll of vulnerability {unknown}
 y - a scroll of amnesia {unknown}
Potions
 d - 2 potions of curing {unknown}
 e - 5 potions of haste {unknown}
 g - 2 potions of heal wounds {unknown}
 h - 2 potions of flight {unknown}
 k - 3 potions of invisibility {unknown}
 w - a potion of might {unknown}
 z - a potion of degeneration {unknown}
 B - a potion of magic {unknown}


   Skills:
 - Level 1.5 Fighting
 + Level 8.1 Ranged Weapons
 - Level 2.6 Dodging
 - Level 1.5 Stealth


You had 5 spell levels left.
You didn't know any spells.
Your spell library contained the following spells:

 Spells                   Type           Power      Damage    Failure   Level
 Apportation              Tloc           0%         N/A       34%         1
 Alistair's Intoxication  Tmut/Pois      0%         N/A       100%        5


Dungeon Overview and Level Annotations

Branches:
Dungeon (4/15)            Ossuary (1/1)
 Temple: D:4-7

Altars:
Gozag

Shops:
D:2 *


Innate Abilities, Weirdness & Mutations

You are very small and have problems with some larger weapons.
You are too small for most types of armour.
You have supernaturally acute eyesight. (SInv)
You cover ground extremely quickly. (Speed+++)


Message History

Fire: a) +0 shortbow
Press: ? - help, Q - select action, (/) - cycle Shift-Dir - straight line, f/p - wraith
Aim: a wraith (severely damaged, 66% to hit)
You shoot an arrow. The arrow barely misses the wraith.
Unknown command.
Fire: a) +0 shortbow
Press: ? - help, Q - select action, (/) - cycle Shift-Dir - straight line, f/p - wraith
Aim: a wraith (severely damaged, 66% to hit)
You shoot an arrow. The arrow closely misses the wraith.
Unknown command.
Fire: a) +0 shortbow
Press: ? - help, Q - select action, (/) - cycle Shift-Dir - straight line, f/p - wraith
Aim: a wraith (severely damaged, 66% to hit)
You shoot an arrow.
The arrow hits the wraith but does no damage.
The wraith is severely damaged.
Fire: a) +0 shortbow
Press: ? - help, Q - select action, (/) - cycle Shift-Dir - straight line, f/p - wraith
Aim: a wraith (severely damaged, 66% to hit)
You shoot an arrow.
The arrow hits the wraith but does no damage.
The wraith is severely damaged.
The wraith hits you. The wraith drains your vigour!
You feel yourself slow down.
Fire: a) +0 shortbow
Press: ? - help, Q - select action, (/) - cycle Shift-Dir - straight line, f/p - wraith
Aim: a wraith (severely damaged, 66% to hit)
You shoot an arrow. The arrow barely misses the wraith.
The wraith closely misses you. The wraith hits you.
Unknown command.
Fire: a) +0 shortbow
Press: ? - help, Q - select action, (/) - cycle Shift-Dir - straight line, f/p - wraith
Aim: a wraith (severely damaged, 66% to hit)
You shoot an arrow.
The arrow hits the wraith but does no damage.
The wraith is severely damaged.
The wraith hits you.
* * * LOW HITPOINT WARNING * * *
The wraith hits you!
You die...

#.............#
#.............#
#.###.....###.#
#.#z#.....# #.#
#.###.....###.#
#.............#
#.............#
#.###.###.###)#
#@#.#.#z#.#.#.#
#.W##.###.##'.#
#.............#
###############


You could see a wraith.

Vanquished Creatures
  Sigmund (D:3)
  2 wights (Ossuary)
  An orc wizard (D:4)
  3 adders (D:3)
  4 gnolls (D:2)
  An adder zombie (Ossuary)
  A worm (D:2)
  4 orcs
  An endoplasm (D:1)
  4 giant cockroaches
  7 goblins
  5 hobgoblins
  5 kobolds
  4 quokkas
  9 ball pythons
  2 ball python skeletons (Ossuary)
  8 bats
  4 frilled lizards
  A hobgoblin zombie (Ossuary)
  3 kobold zombies (Ossuary)
  2 orc zombies (Ossuary)
  5 rats
77 creatures vanquished.

Vanquished Creatures (others)
  6 fungi (D:4)
6 creatures vanquished.

Grand Total: 83 creatures vanquished

Notes
Turn   | Place    | Note
-------+----------+-------------------------------------------
     0 | D:1      | LustLizard the Spriggan Hunter began the quest for the Orb.
     0 | D:1      | Reached XP level 1. HP: 10/10 MP: 2/2
   116 | D:1      | Reached XP level 2. HP: 14/14 MP: 3/3
   997 | D:2      | Reached skill level 5 in Ranged Weapons
   997 | D:2      | Reached XP level 3. HP: 18/18 MP: 4/4
  1201 | D:2      | Reached XP level 4. HP: 8/22 MP: 5/5
  1530 | D:2      | Found Ehoast's Assorted Antiques.
  1536 | D:2      | Bought a scroll labelled JADDEELIBO for 32 gold pieces
  1536 | D:2      | Bought a purple potion for 28 gold pieces
  1536 | D:2      | Bought a scroll labelled YJUSUT PEDDO for 32 gold pieces
  1536 | D:2      | Bought a scroll labelled HANOHU MINWUOH for 32 gold pieces
  1536 | D:2      | Bought a scroll labelled MAQYCO UBLI for 32 gold pieces
  1844 | D:3      | Identified the +5 mace "Gade" {drain, rPois}
  2016 | D:3      | Reached skill level 6 in Ranged Weapons
  2016 | D:3      | Found an opulent altar of Gozag.
  2058 | D:3      | Noticed Sigmund
  2072 | D:3      | Killed Sigmund
  2073 | D:3      | Reached skill level 7 in Ranged Weapons
  2073 | D:3      | Reached XP level 5. HP: 25/25 MP: 6/6
  2073 | D:3      | Reached XP level 6. HP: 30/30 MP: 7/7
  2112 | D:3      | Found a faded altar of an unknown god.
  2682 | D:4      | Found a sand-covered staircase.
  2760 | Ossuary  | Entered an ossuary
  2988 | Ossuary  | Noticed a wraith
  2988 | Ossuary  | Noticed a flying skull
  2999 | Ossuary  | Noticed a flying skull
  3001 | Ossuary  | Noticed a flying skull
  3054 | Ossuary  | Noticed a wraith
  3102 | Ossuary  | Reached skill level 8 in Ranged Weapons
  3121 | Ossuary  | Slain by a wraith

Illustrated notes

Levels and vault maps discovered:
D:1:      dpeg_arrival_houses_and_road, layout_loops_ring
D:2:      minmay_angry_zag, layout_loops_cross, serial_shops, shop
D:3:      layout_loops_ring, old_standard_altar,
          chequers_ecumenical_altar_twisty, st_stairs_8, uniq_sigmund
D:4:      layout_loops_ring, nicolae_ossuary_entry_plus, serial_aquarium,
          aquarium_bridge_long_separate [aquarium_subvault_window,
          aquarium_subvault_window, aquarium_subvault_bridge,
          aquarium_subvault_wall, aquarium_subvault_wall,
          aquarium_subvault_bridge], aquarium_bridge_square
          [aquarium_subvault_window, aquarium_subvault_bridge,
          aquarium_subvault_bridge, aquarium_subvault_window],
          aquarium_window_fake, aquarium_window_fake, aquarium_window_1,
          aquarium_window_corridor_2, aquarium_view_2a, aquarium_view_2b,
          aquarium_pool_1, uniq_duvessa
Ossuary:  ossuary_due_cavern

Skill      XL: |  1  2  3  4  5  6 |
---------------+-------------------+-----
Ranged Weapons | 5 7 8 |  8.1
Fighting       | |  1.5
Dodging        | |  2.6
Stealth        | |  1.5

Action                   |  1- 3 |  4- 6 || total
-------------------------+-------+-------++-------
 Fire: Shortbow          |    75 |   160 ||   235
  Use: Scroll            |       |     1 ||     1
Armor: Robe              |     1 |    11 ||    12
Dodge: Dodged            |    10 |    58 ||    68
